 Dungeon Crawl Stone Soup version 0.17.0-24-gcfadda4 (webtiles) character file.

41 tp1 the Conjurer (level 3, -1/19 HPs)
             Began as a Deep Elf Conjurer on Nov 15, 2015.
             Slain by Crazy Yiuf
             ... wielding a +4 quarterstaff of chaos
              (8 damage)
             ... on level 2 of the Dungeon.
             The game lasted 00:03:32 (1033 turns).

tp1 the Conjurer (Deep Elf Conjurer)                Turns: 1033, Time: 00:03:32

Health: -1/19      AC:  2    Str:  5    XL:     3   Next: 32%
Magic:  2/9        EV: 12    Int: 20    God:
Gold:   53         SH:  0    Dex: 15    Spells: 2 memorised, 5 levels left

rFire  . . .     SeeInvis .     (no weapon)
rCold  + . .     Clarity  .     a - +0 robe
rNeg   . . .     SustAt   .     (no shield)
rPois  .         Gourm    .     (no helmet)
rElec  .         Spirit   .     (no cloak)
rCorr  .         Warding  .     (no gloves)
rMut   .         Stasis   .     (no boots)
MR     .....                    (no amulet)
Stlth  ++........               (no ring)
                                j - ring of protection from cold

@: drained, not resistant to hostile enchantments, unstealthy
A: no striking features
a: no special abilities


You were on level 2 of the Dungeon.
You were not hungry.

You visited 1 branch of the dungeon, and saw 2 of its levels.

You collected 53 gold pieces.

Inventory:

Armour
 a - a +0 robe (worn)
 d - a +0 shield
Jewellery
 j - a ring of protection from cold (left hand)
Scrolls
 f - 2 scrolls of identify {unknown}
 h - a scroll of remove curse {unknown}
 m - a scroll of random uselessness {unknown}
 n - a scroll of amnesia {unknown}
 o - a scroll of teleportation {unknown}
 p - a scroll of fog {unknown}
Potions
 e - a potion of cancellation {unknown}
 i - 2 potions of curing {unknown}
 k - a potion of brilliance {unknown}
 l - a potion of magic {unknown}
Books
 b - a book of Conjurations

   Spells                             Type                      Level
   a - Magic Dart                     Conjuration                  1
   b - Searing Ray                    Conjuration                  2
   c - Dazzling Spray                 Conjuration/Hexes            3
   d - Fulminant Prism                Conjuration/Hexes            4
   e - Iskenderun's Mystic Blast      Conjuration                  4
   f - Iskenderun's Battlesphere      Conjuration/Charms           5
Comestibles
 c - 2 bread rations
 g - a slice of pizza
 q - a meat ration


   Skills:
 - Level 2.4(2.1) Dodging
 - Level 2.4(2.1) Stealth
 - Level 3.0(2.6) Spellcasting
 + Level 5.7(5.3) Conjurations


You had 5 spell levels left.
You knew the following spells:

 Your Spells              Type           Power        Failure   Level  Hunger
a - Magic Dart            Conj           ###.         1%          1    None
b - Searing Ray           Conj           ###...       2%          2    ##.....


Dungeon Overview and Level Annotations

Branches:
Dungeon (2/15)

Altars:
Nemelex Xobeh
Ru

Annotations:
D:2 Crazy Yiuf


Message History

The searing ray hits Crazy Yiuf.
Crazy Yiuf is lightly wounded.
The searing ray hits Crazy Yiuf.
Crazy Yiuf is lightly wounded.
The searing ray hits Crazy Yiuf.
Crazy Yiuf is heavily wounded.
Crazy Yiuf zaps a wand.
The puff of flame misses you.
It is a wand of flame.
The searing ray hits Crazy Yiuf.
Crazy Yiuf is almost dead.
Crazy Yiuf hits you with a quarterstaff of chaos!
You feel drained.
Casting: Searing Ray
Confirm with . or Enter, or press ? or * to list all spells.
Aiming: Searing Ray
Press: ? - help, Shift-Dir - straight line, f/p - Crazy Yiuf
Aim: Crazy Yiuf, wielding a quarterstaff of chaos, wearing a cloak and carrying a wand of flame {zapped: 1} (almost dead)
The searing ray hits Crazy Yiuf.
Crazy Yiuf is almost dead.
Crazy Yiuf hits you with a quarterstaff of chaos!
You die...

####...†. #..+.....
#.##..... #.##.....
#.##..... #........
### ####......##
#)..### ##.........+
#...g@####..........#
#...##..#...........#
### ###.#....#######
########


You could see Crazy Yiuf.

Vanquished Creatures
  2 oozes (D:2)
  2 giant geckos (D:1)
  5 bats
  3 giant cockroaches
  3 goblins (D:1)
  6 hobgoblins
  3 giant newts
  A kobold (D:1)
  3 rats
28 creatures vanquished.

Notes
Turn   | Place    | Note
--------------------------------------------------------------
     0 | D:1      | tp1 the Deep Elf Conjurer began the quest for the Orb.
     0 | D:1      | Reached XP level 1. HP: 10/10 MP: 6/6
   211 | D:1      | Reached XP level 2. HP: 15/15 MP: 4/8
   215 | D:1      | Learned a level 2 spell: Searing Ray
   274 | D:1      | Reached skill level 5 in Conjurations
   884 | D:2      | Found a sparkling altar of Nemelex Xobeh.
   918 | D:2      | Reached XP level 3. HP: 19/19 MP: 6/9
   920 | D:2      | Found a faded altar to an unknown god.
   940 | D:2      | Found a sacrificial altar of Ru.
   973 | D:2      | Noticed Crazy Yiuf
  1033 | D:2      | Slain by Crazy Yiuf

Action                   || total
-------------------------++-------
 Cast: Magic Dart        ||    52
       Searing Ray       ||     2
